[Event "*** Titled Tuesday Blitz"]
[Site "Chess.com"]
[Date "2020.05.26"]
[Round "1"]
[White "RU_B9"]
[Black "Muguet7"]
[Result "0-1"]
[WhiteElo "1849"]
[BlackElo "2466"]
[TimeControl "180+1"]
[EndTime "10:01:21 PDT"]
[Termination "Muguet7 won by resignation"]

1. c4 e5 2. Nc3 Nf6 3. Nf3 Nc6 4. e3 Bb4 5. Qc2 O-O 6. Nd5 Re8 7. Qf5 d6 8. Nxf6+ gxf6 9. Qh5 e4 10. Nh4 Re5 11.
Qg4+ Bxg4 0-1

[Event "*** Titled Tuesday Blitz"]
[Site "Chess.com"]
[Date "2020.05.26"]
[Round "1"]
[White "yamalchess"]
[Black "HanSchut"]
[Result "1-0"]
[WhiteElo "2518"]
[BlackElo "2146"]
[TimeControl "180+1"]
[EndTime "10:02:23 PDT"]
[Termination "yamalchess won by resignation"]

1. d4 Nf6 2. c4 g6 3. Nc3 d5 4. Bf4 Bg7 5. Qa4+ Bd7 6. Qb3 Bc6 7. e4 e6 8. cxd5 exd5 9. Bg5 b6 10. e5 h6 11. exf6 1-0

[Event "*** Titled Tuesday Blitz"]
[Site "Chess.com"]
[Date "2020.05.26"]
[Round "1"]
[White "Bossche-CM"]
[Black "NefeLV"]
[Result "1-0"]
[WhiteElo "2463"]
[BlackElo "1791"]
[TimeControl "180+1"]
[EndTime "10:02:42 PDT"]
[Termination "Bossche-CM won by resignation"]

1. e4 e6 2. d4 d5 3. exd5 exd5 4. Nf3 Bd6 5. Bd3 h6 6. O-O Be6 7. Re1 Nd7 8. Nc3 Qf6 9. Nxd5 Qd8 10. Nc3 Ne7 11. h3 O-O 12. Ne4 Nf6 13. Nxf6+ gxf6 14. Bxh6 Re8 15. Nh4 Kh8 16. Qh5 1-0

[Event "*** Titled Tuesday Blitz"]
[Site "Chess.com"]
[Date "2020.05.26"]
[Round "1"]
[White "mr65"]
[Black "2L8IWUN"]
[Result "0-1"]
[WhiteElo "2192"]
[BlackElo "2543"]
[TimeControl "180+1"]
[EndTime "10:02:54 PDT"]
[Termination "2L8IWUN won by resignation"]

1. e4 c5 2. d4 cxd4 3. c3 dxc3 4. Nxc3 Nc6 5. Nf3 d6 6. Bc4 a6 7. O-O Nf6 8. e5 dxe5 9. Qxd8+ Nxd8 10. Nxe5 Be6 11.
Bg5 Rc8 12. Bxe6 Nxe6 13. Bh4 g6 14. Rac1 Bg7 15. Nd5 Rxc1 16. Nxf6+ Bxf6 17. Rxc1 Bxe5 0-1

[Event "*** Titled Tuesday Blitz"]
[Site "Chess.com"]
[Date "2020.05.26"]
[Round "1"]
[White "Snegokhod"]
[Black "lachesisQ"]
[Result "0-1"]
[WhiteElo "2456"]
[BlackElo "3150"]
[TimeControl "180+1"]
[EndTime "10:03:04 PDT"]
[Termination "lachesisQ won by resignation"]

1. e4 c5 2. Nf3 d6 3. d4 cxd4 4. Qxd4 a6 5. Be3 Nc6 6. Qb6 Qxb6 7. Bxb6 Nf6 8. Nc3 e6 9. O-O-O Nd7 10. Na4 Nxb6 11. Nxb6 Rb8 12. Nd2 Kd8 13. Ndc4 Kc7 14. c3 Be7 15. Be2 Rd8 16. Kc2 Bd7 17. Nxd7 Rxd7 18. a4 g6 19. h4 f5 20. exf5 gxf5 21. g3 d5 22. Ne3 Bc5 23. Bf3 Bxe3 24. fxe3 Ne5 25. Be2 Rg8 26. Rdg1 Rdg7 27. Rh3 Kd6 28. h5 h6 29. a5 Nd7 30. b4 Nf6 31. Kb3 Ne4 32.
g4 fxg4 33. Rh4 g3 34. Bf3 Nd2+ 35. Kc2 Nxf3 0-1

[Event "*** Titled Tuesday Blitz"]
[Site "Chess.com"]
[Date "2020.05.26"]
[Round "1"]
[White "zajka-molotok"]
[Black "BaMBoMaTTo"]
[Result "1/2-1/2"]
[WhiteElo "2341"]
[BlackElo "2689"]
[TimeControl "180+1"]
[EndTime "10:03:04 PDT"]
[Termination "Game drawn by repetition"]

1. d4 Nf6 2. c4 g6 3. Nc3 d5 4.
cxd5 Nxd5 5. Bd2 Bg7 6. e4 Nb6 7. Be3 O-O 8. h3 e5 9. Nf3 exd4 10.
Bxd4 Nc6 11. Bxg7 Kxg7 12. Bb5 Qxd1+ 13. Rxd1 Nb4 14. a3 a6 15. axb4 axb5 16. Nxb5 Ra4 17. Rd4 Ra1+ 18. Rd1 Ra4 19. Rd4 Ra1+ 20. Rd1 Ra4 1/2-1/2

[Event "*** Titled Tuesday Blitz"]
[Site "Chess.com"]
[Date "2020.05.26"]
[Round "1"]
[White "Pavalamalli"]
[Black "RzayevB"]
[Result "1-0"]
[WhiteElo "2271"]
[BlackElo "2579"]
[TimeControl "180+1"]
[EndTime "10:03:05 PDT"]
[Termination "Pavalamalli won by resignation"]

1. e4 c5 2. Nf3 a6 3. c4 Nc6 4.
d4 cxd4 5. Nxd4 e5 6. Nf3 Nf6 7.
Nc3 Bb4 8. Bd3 d6 9. h3 O-O 10. O-O Be6 11. Nd5 Bxd5 12. cxd5 Ne7 13. Be3 Rc8 14.
Rc1 Rxc1 15. Qxc1 Qd7 16. a3 Rc8 17. Qb1 Bc5 18. Bg5 Nh5 19. Rc1 h6 20. Bxe7 Nf4 21.
Bf1 Qxe7 22. b4 Bxf2+ 23. Kxf2 Rxc1 24. Qxc1 f5 25. Qc8+ 1-0

[Event "*** Titled Tuesday Blitz"]
[Site "Chess.com"]
[Date "2020.05.26"]
[Round "1"]
[White "ChessMavenYeti"]
[Black "Airquake"]
[Result "0-1"]
[WhiteElo "2100"]
[BlackElo "2499"]
[TimeControl "180+1"]
[EndTime "10:03:11 PDT"]
[Termination "Airquake won by resignation"]

1. Nf3 Nf6 2. g3 e6 3. Bg2 d5 4.
O-O Be7 5. d3 O-O 6. Nbd2 c5 7. e4 Nc6 8. Re1 b6 9. e5 Nd7 10. Nf1 Bb7 11. h4 Rc8 12. N1h2 Nd4 13. Ng5 h6 14. Ngf3 Qc7 15. Bf4 Rfe8 16. h5 Nf8 17. Ng4 Nh7 18. Bxh6 gxh6 19. Nxh6+ Kg7 20. Qd2 Nxf3+ 21. Bxf3 Bg5 22. Qe2 Bxh6 23. Bg2 d4 24. Qg4+ Kh8 25. Be4 Rg8 26. Qh4 Bxe4 27. Rxe4 Ng5 28.
Rg4 Nf3+ 0-1

[Event "*** Titled Tuesday Blitz"]
[Site "Chess.com"]
[Date "2020.05.26"]
[Round "1"]
[White "Unknown_IM"]
[Black "novocane"]
[Result "1/2-1/2"]
[WhiteElo "2537"]
[BlackElo "2203"]
[TimeControl "180+1"]
[EndTime "10:03:13 PDT"]
[Termination "Game drawn by agreement"]

1. e4 c5 2. Nf3 Nc6 3. d4 cxd4 4. Nxd4 e5 5. Nb5 d6 6. N1c3 a6 7. Na3 Be7 8. Nd5 Nf6 9. Be3 Nxd5 10. exd5 Nd4 11.
Bd3 O-O 12. O-O Nf5 13. Bxf5 Bxf5 14. c4 Bg5 15. Nc2 Bxc2 16. Bxg5 1/2-1/2

[Event "*** Titled Tuesday Blitz"]
[Site "Chess.com"]
[Date "2020.05.26"]
[Round "1"]
[White "kinga2008"]
[Black "ChessTraining77"]
[Result "1-0"]
[WhiteElo "2218"]
[BlackElo "2525"]
[TimeControl "180+1"]
[EndTime "10:03:18 PDT"]
[Termination "kinga2008 won by resignation"]

1. e4 e5 2. Nf3 Nc6 3. d4 exd4 4. Bc4 Bc5 5. O-O d6 6. Nbd2 Nf6 7. Re1 O-O 8. Nb3 Bb4 9. Bd2 Bxd2 10. Qxd2 Ne5 11.
Nxe5 dxe5 12. Rad1 b6 13. c3 c5 14. cxd4 cxd4 15. f4 Ng4 16. fxe5 Nxe5 17. Qxd4 Nxc4 18. Qxd8 1-0

[Event "*** Titled Tuesday Blitz"]
[Site "Chess.com"]
[Date "2020.05.26"]
[Round "1"]
[White "Zq1"]
[Black "rugbyclub"]
[Result "1-0"]
[WhiteElo "2503"]
[BlackElo "2104"]
[TimeControl "180+1"]
[EndTime "10:03:25 PDT"]
[Termination "Zq1 won by resignation"]

1. d4 d5 2. c4 e6 3. Nc3 c6 4. e3 Nd7 5. Nf3 f5 6. Bd3 Bd6 7. h3 Ngf6 8. g4 Ne4 9. gxf5 exf5 10. cxd5 cxd5 11. Qb3 Ndf6 12. Ne5 Nxc3 13. bxc3 Bxe5 14. dxe5 Ne4 15. Ba3 Qh4 16. Rf1 Be6 17. Qxb7 Rd8 18. Bb5+ Bd7 19. Qxd5 Nxc3 20. Qe6+ 1-0

[Event "*** Titled Tuesday Blitz"]
[Site "Chess.com"]
[Date "2020.05.26"]
[Round "1"]
[White "Pavel_Mir"]
[Black "csati17"]
[Result "1-0"]
[WhiteElo "2220"]
[BlackElo "2537"]
[TimeControl "180+1"]
[EndTime "10:03:28 PDT"]
[Termination "Pavel_Mir won by resignation"]

1. e4 e6 2. d4 d5 3. Nd2 Nf6 4. e5 Nfd7 5. Bd3 c5 6. c3 Nc6 7.
Ne2 cxd4 8. cxd4 f6 9. exf6 Nxf6 10. Nf3 Bd6 11. O-O Qc7 12. Nc3 a6 13. Be3 O-O 14. Rc1 Ng4 15. Bxh7+ Kh8 16. Bb1 Bxh2+ 17. Kh1 Qf7 18.
Nxh2 e5 19. Nxg4 1-0

[Event "*** Titled Tuesday Blitz"]
[Site "Chess.com"]
[Date "2020.05.26"]
[Round "1"]
[White "bilelou"]
[Black "tgpgoat"]
[Result "1-0"]
[WhiteElo "2489"]
[BlackElo "2063"]
[TimeControl "180+1"]
[EndTime "10:03:37 PDT"]
[Termination "bilelou won by checkmate"]

1. e4 c5 2. Nf3 Nc6 3. d4 cxd4 4. Nxd4 e5 5. Nb5 d6 6. N1c3 a6 7. Na3 b5 8. Nd5 Nf6 9. Bg5 Be7 10. Bxf6 Bxf6 11.
c4 bxc4 12. Nxc4 Nd4 13. Bd3 Bg5 14. Qa4+ Bd7 15. Nxd6+ Kf8 16. Qa3 Be7 17. Nxe7 Qxe7 18. Nc4 Qxa3 19. Nxa3 g6 20. Nc2 Nxc2+ 21. Bxc2 Kg7 22.
O-O-O Bc6 23. f3 Rhb8 24. Kb1 Bb5 25. Rd5 f6 26. Rc1 Ra7 27. Rc5 Rab7 28. b3 a5 29. Kb2 a4 30. Rd1 axb3 31. Bxb3 Ba4 32. Rc3 Kh6 33. Rd6 Kg5 34. g3 f5 35. h4+ Kh6 36. exf5 Bxb3 37. Rxb3 Rxb3+ 38. axb3 Rf8 39. g4 Kg7 40.
Rd7+ Kh6 41. g5+ Kh5 42. Rxh7# 1-0

[Event "*** Titled Tuesday Blitz"]
[Site "Chess.com"]
[Date "2020.05.26"]
[Round "1"]
[White "TheoSlade"]
[Black "kuban1991"]
[Result "0-1"]
[WhiteElo "2359"]
[BlackElo "2722"]
[TimeControl "180+1"]
[EndTime "10:03:42 PDT"]
[Termination "kuban1991 won by checkmate"]

1. d4 g6 2. c4 Bg7 3. e4 Nc6 4. Be3 e5 5. Ne2 exd4 6. Nxd4 Qf6 7. Nxc6 dxc6 8. Nc3 Qe7 9. Bd3 Nf6 10. f3 O-O 11. O-O Nd7 12. Qc2 Nc5 13. Be2 a5 14. Rad1 Be6 15.
Rfe1 Rfd8 16. b3 b6 17. Bf1 Rxd1 18. Rxd1 Rd8 19. Rxd8+ Qxd8 20. Qd1 Qe7 21. Ne2 f5 22. exf5 Bxf5 23. Bd4 Nd3 24. Bxg7 Qe3+ 25. Kh1 Nf2+ 26. Kg1 Nh3+ 27. Kh1 Qg1+ 28. Nxg1 Nf2# 0-1

[Event "*** Titled Tuesday Blitz"]
[Site "Chess.com"]
[Date "2020.05.26"]
[Round "1"]
[White "NewBornNow"]
[Black "AcsinteMatei"]
[Result "1-0"]
[WhiteElo "2703"]
[BlackElo "2341"]
[TimeControl "180+1"]
[EndTime "10:03:43 PDT"]
[Termination "NewBornNow won by resignation"]

1. e4 c6 2. d4 d5 3. Nc3 g6 4.
h3 Bg7 5. Nf3 dxe4 6. Nxe4 Nd7 7.
Bd3 Ngf6 8. O-O Nxe4 9. Bxe4 Nf6 10. Bd3 O-O 11. c3 b6 12. Re1 c5 13. Bf4 Bb7 14.
dxc5 bxc5 15. Ne5 Qd5 16. Bf1 Rfd8 17. Qxd5 Nxd5 18. Bg3 g5 19. Nc4 Bf6 20. Na5 Rd7 21. Bb5 Rad8 22. Bxd7 Rxd7 23. Rad1 Ba6 24. c4 Nb6 25.
Rxd7 Nxd7 26. b3 Bc3 27. Rxe7 Nf6 28. Rxa7 1-0

[Event "*** Titled Tuesday Blitz"]
[Site "Chess.com"]
[Date "2020.05.26"]
[Round "1"]
[White "crescentmoon2411"]
[Black "Baronessa08"]
[Result "1/2-1/2"]
[WhiteElo "2771"]
[BlackElo "2407"]
[TimeControl "180+1"]
[EndTime "10:03:46 PDT"]
[Termination "Game drawn by repetition"]

1. e4 c5 2. Nf3 Nc6 3. Bb5 e6 4. O-O Nge7 5. Re1 Nd4 6. Bf1 Nec6 7. c3 Nxf3+ 8. Qxf3 Be7 9. d3 O-O 10. Be3 e5 11.
Nd2 d6 12. Qd1 Be6 13. g3 f5 14. exf5 Bxf5 15. Qb3+ Kh8 16. Qxb7 Na5 17. Qd5 Rb8 18. b3 Bd7 19. Bg2 Bc6 20. Qe6 Bd7 21. Qd5 Bc6 22. Qe6 Bd7 23. Qd5 1/2-1/2

[Event "*** Titled Tuesday Blitz"]
[Site "Chess.com"]
[Date "2020.05.26"]
[Round "1"]
[White "Revnov"]
[Black "MMKZH22"]
[Result "1-0"]
[WhiteElo "2679"]
[BlackElo "2316"]
[TimeControl "180+1"]
[EndTime "10:03:48 PDT"]
[Termination "Revnov won by resignation"]

1. e4 c5 2. Nf3 Nc6 3. Bb5 g6 4. O-O Bg7 5. Re1 Nh6 6. c3 O-O 7. h3 f5 8. e5 d6 9. d4 cxd4 10. cxd4 dxe5 11. Qb3+ Kh8 12. dxe5 Na5 13. Qa4 Be6 14.
Nc3 a6 15. Bf1 b5 16. Qh4 Nf7 17. Ne2 Nxe5 18. Nxe5 Bxe5 19. Nf4 Bxf4 20. Bxf4 Nc6 21. Rxe6 1-0

[Event "*** Titled Tuesday Blitz"]
[Site "Chess.com"]
[Date "2020.05.26"]
[Round "1"]
[White "BikingBrian"]
[Black "ValeriyGrinev"]
[Result "0-1"]
[WhiteElo "2222"]
[BlackElo "2571"]
[TimeControl "180+1"]
[EndTime "10:03:50 PDT"]
[Termination "ValeriyGrinev won by resignation"]

1. d4 Nf6 2. Bg5 Ne4 3. Bf4 c5 4. f3 Qa5+ 5. c3 Nf6 6. d5 e6 7. e4 exd5 8. exd5 d6 9. Na3 Be7 10.
Nc4 Qc7 11. a4 O-O 12. Ne2 Nh5 13. Kf2 Nxf4 14. Nxf4 Nd7 15. Bd3 g6 16. h4 Bf6 17.
h5 Ne5 18. Nxe5 Bxe5 19. Qd2 c4 20. Bc2 Qb6+ 21. Kg3 g5 0-1

[Event "*** Titled Tuesday Blitz"]
[Site "Chess.com"]
[Date "2020.05.26"]
[Round "1"]
[White "chessfrendz"]
[Black "Angry_Twin"]
[Result "0-1"]
[WhiteElo "2410"]
[BlackElo "2842"]
[TimeControl "180+1"]
[EndTime "10:03:57 PDT"]
[Termination "Angry_Twin won by resignation"]

1. e4 c5 2. Nf3 d6 3. d4 cxd4 4. Bb5+ Bd7 5. Bxd7+ Qxd7 6. Nxd4 Nf6 7. Nc3 g6 8. O-O Bg7 9. f3 O-O 10. Be3 Nc6 11.
Qd2 Rfc8 12. Rad1 a6 13. Rf2 Ne5 14. Qe1 b5 15. Nd5 Qb7 16. Nxf6+ Bxf6 17. c3 Nc4 18.
Bc1 Rab8 19. a3 a5 20. f4 b4 21. axb4 axb4 22. b3 Na5 23. e5 Bg7 24. c4 Nc6 25. Nxc6 Qxc6 26. exd6 exd6 27. Bb2 Re8 28. Qd2 Qc5 29.
Bxg7 Kxg7 30. Qxd6 Re1+ 31. Rxe1 Qxd6 0-1

[Event "*** Titled Tuesday Blitz"]
[Site "Chess.com"]
[Date "2020.05.26"]
[Round "1"]
[White "DACF2905"]
[Black "emperor87"]
[Result "0-1"]
[WhiteElo "2280"]
[BlackElo "2614"]
[TimeControl "180+1"]
[EndTime "10:03:57 PDT"]
[Termination "emperor87 won by resignation"]

1. c4 e5 2. Nc3 Nf6 3. g3 Bb4 4. Nd5 Be7 5. Bg2 O-O 6. e3 c6 7. Nc3 d5 8. cxd5 cxd5 9. d4 e4 10. Nge2 Nc6 11. O-O Bg4 12. Qb3 Qd7 13. Nf4 Rad8 14.
h3 Be6 15. Bd2 Bd6 16. Nxe6 fxe6 17. Rac1 h5 18. Ne2 h4 19. Nf4 Bxf4 20. gxf4 Nh7 21. Kh1 g5 22. fxg5 Nxg5 23. Qd1 Nf3 24. Bxf3 Rxf3 25. Rg1+ Kf7 26. Qf1 e5 27. Qg2 Rxh3+ 0-1

[Event "*** Titled Tuesday Blitz"]
[Site "Chess.com"]
[Date "2020.05.26"]
[Round "1"]
[White "Franciscoconstantino"]
[Black "bazar-wokzal"]
[Result "0-1"]
[WhiteElo "1607"]
[BlackElo "2462"]
[TimeControl "180+1"]
[EndTime "10:03:58 PDT"]
[Termination "bazar-wokzal won by resignation"]

1. d4 Nf6 2. c4 Nc6 3. Nc3 e5 4. dxe5 Nxe5 5. e4 Bc5 6. Be2 d6 7. Nf3 Nfg4 8. O-O Nxf2 9. Rxf2 Ng4 10. Nd4 Nxf2 11. Kxf2 Qf6+ 12. Ke3 Qe5 13. Nd5 O-O 14. Bd2 f5 0-1

[Event "*** Titled Tuesday Blitz"]
[Site "Chess.com"]
[Date "2020.05.26"]
[Round "1"]
[White "mrkvoz"]
[Black "Omk124"]
[Result "1-0"]
[WhiteElo "2845"]
[BlackElo "2412"]
[TimeControl "180+1"]
[EndTime "10:04:01 PDT"]
[Termination "mrkvoz won by resignation"]

1. e4 c5 2. Nc3 a6 3. g3 b5 4.
Bg2 Bb7 5. Nge2 e6 6. d4 cxd4 7. Nxd4 Nc6 8. O-O d6 9. Re1 Nf6 10. e5 Nxd4 11. Bxb7 Rb8 12. exf6 e5 13. Bg2 Ne6 14.
fxg7 Bxg7 15. Nd5 O-O 16. c3 f5 17. a4 e4 18. axb5 axb5 19. Ra7 Nc5 20. Qh5 Nd3 21. Ne7+ Kh8 22. Ng6+ Kg8 23. Nxf8 Qxf8 24. Rf1 d5 25. Be3 1-0

[Event "*** Titled Tuesday Blitz"]
[Site "Chess.com"]
[Date "2020.05.26"]
[Round "1"]
[White "JSPrepz"]
[Black "Aya5ian"]
[Result "1-0"]
[WhiteElo "2686"]
[BlackElo "2324"]
[TimeControl "180+1"]
[EndTime "10:04:03 PDT"]
[Termination "JSPrepz won by resignation"]

1. e4 e5 2. Nf3 Nc6 3. Nc3 Nf6 4. a3 Be7 5. d4 exd4 6. Nxd4 d6 7. Nxc6 bxc6 8.
Bd3 O-O 9. O-O Rb8 10. h3 Nd7 11. Re1 Bf6 12. Bf1 Nc5 13. Qf3 Re8 14. b4 Ne6 15.
Rb1 Nd4 16. Qd1 a5 17. Be3 axb4 18. Bxd4 bxc3 19. Rxb8 1-0

[Event "*** Titled Tuesday Blitz"]
[Site "Chess.com"]
[Date "2020.05.26"]
[Round "1"]
[White "SanQui14"]
[Black "SirStrateg"]
[Result "1-0"]
[WhiteElo "2318"]
[BlackElo "2618"]
[TimeControl "180+1"]
[EndTime "10:04:03 PDT"]
[Termination "SanQui14 won by resignation"]

1. b3 d5 2. Bb2 Bf5 3. Nf3 e6 4. g3 Nf6 5. Bg2 a5 6. a4 h6 7. O-O Na6 8. d3 Nb4 9. Nbd2 c6 10. Re1 Be7 11. e4 dxe4 12. dxe4 Bh7 13. Rc1 O-O 14.
Qe2 Qb6 15. Nc4 Qa6 16. c3 Nxe4 17. cxb4 Bxb4 18. Red1 Rad8 19. Nfe5 Rxd1+ 20. Rxd1 Nc3 21. Bxc3 Bxc3 22. Be4 f5 23. Bf3 f4 24. Be4 Bxe4 25.
Qxe4 fxg3 26. hxg3 Qa7 27. Rf1 Bd4 28. Kg2 Bxf2 29.
Ng4 Bc5 30. Qxe6+ 1-0

[Event "*** Titled Tuesday Blitz"]
[Site "Chess.com"]
[Date "2020.05.26"]
[Round "1"]
[White "mamey78"]
[Black "Gloomy_Wanderer"]
[Result "1-0"]
[WhiteElo "2413"]
[BlackElo "2755"]
[TimeControl "180+1"]
[EndTime "10:04:06 PDT"]
[Termination "mamey78 won by resignation"]

1. e4 c5 2. Nf3 a6 3. c3 d5 4. exd5 Qxd5 5. d4 Bg4 6. Be3 cxd4 7. cxd4 e6 8. Nc3 Qd6 9. Qa4+ Nd7 10. Ne5 Nf6 11.
Bb5 Bf5 12. g4 Bg6 13. Bf4 1-0

[Event "*** Titled Tuesday Blitz"]
[Site "Chess.com"]
[Date "2020.05.26"]
[Round "1"]
[White "Artem_Koval"]
[Black "124chess"]
[Result "0-1"]
[WhiteElo "2392"]
[BlackElo "2765"]
[TimeControl "180+1"]
[EndTime "10:04:07 PDT"]
[Termination "124chess won on time"]

1. e4 d6 2. d4 Nf6 3. Nc3 e5 4.
Nge2 Be7 5. f3 O-O 6. Be3 c6 7. a4 exd4 8. Nxd4 d5 9. Bd3 c5 10. exd5 cxd4 11. Bxd4 Nxd5 12. O-O Nxc3 13. Bxc3 Nc6 14.
f4 Bf6 15. Rf3 Bxc3 16. bxc3 Bg4 17. Rg3 Bxd1 0-1

[Event "*** Titled Tuesday Blitz"]
[Site "Chess.com"]
[Date "2020.05.26"]
[Round "1"]
[White "Roman_Ovetchkin"]
[Black "smshk35"]
[Result "1-0"]
[WhiteElo "2630"]
[BlackElo "2295"]
[TimeControl "180+1"]
[EndTime "10:04:07 PDT"]
[Termination "Roman_Ovetchkin won by resignation"]

1. d4 Nf6 2. c4 g6 3. Nc3 Bg7 4. e4 d6 5. Nf3 O-O 6. Be2 e5 7. d5 Nbd7 8. Bg5 h6 9. Bh4 g5 10. Bg3 Nh5 11. h4 Nxg3 12. fxg3 g4 13. Nh2 h5 14. O-O Nc5 15. Nxg4 Bxg4 16. Bxg4 hxg4 17. Qxg4 Qd7 18. Rf5 f6 19. Raf1 Rf7 20. b3 a5 21.
Nd1 Qe7 22. Ne3 Nd7 23. Rh5 f5 24. Nxf5 1-0

[Event "*** Titled Tuesday Blitz"]
[Site "Chess.com"]
[Date "2020.05.26"]
[Round "1"]
[White "IMinTheWings"]
[Black "BLITZMASTER"]
[Result "1-0"]
[WhiteElo "2111"]
[BlackElo "2480"]
[TimeControl "180+1"]
[EndTime "10:04:17 PDT"]
[Termination "IMinTheWings won by resignation"]

1. c4 e6 2. Nc3 Nf6 3. e4 d5 4. e5 d4 5. exf6 dxc3 6. bxc3 Qxf6 7. Nf3 e5 8. d4 Nc6 9. d5 Nb8 10. Bd3 Bg4 11. Bg5 Bxf3 12. Qa4+ Nd7 13. Bxf6 gxf6 14. Bf5 Rd8 15. gxf3 Bc5 16. Ke2 Ke7 17. Bxd7 Rxd7 18.
Rhg1 h5 19. Rg7 Rdd8 20. Rag1 Kf8 21. Qb5 b6 22. Qc6 Bd6 23. Qa4 a5 24. Qc2 Ke7 25.
Qf5 Rdf8 1-0

[Event "*** Titled Tuesday Blitz"]
[Site "Chess.com"]
[Date "2020.05.26"]
[Round "1"]
[White "Volodar_Murzin"]
[Black "Stronger1799"]
[Result "1-0"]
[WhiteElo "2722"]
[BlackElo "2357"]
[TimeControl "180+1"]
[EndTime "10:04:19 PDT"]
[Termination "Volodar_Murzin won by resignation"]

1. d4 Nf6 2. Nf3 g6 3. Bg5 Bg7 4. Nbd2 O-O 5. c3 c5 6. Bxf6 exf6 7. dxc5 Qc7 8. Nb3 a5 9. a4 Na6 10. Qd6 Qc6 11. Nfd4 Qe4 12. e3 Rd8 13. Qb6 Qe7 14. Nb5 Bf8 15. Be2 Nxc5 16. Nxc5 Qxc5 17. Qxd8 1-0

[Event "*** Titled Tuesday Blitz"]
[Site "Chess.com"]
[Date "2020.05.26"]
[Round "1"]
[White "Bubachess1608"]
[Black "moro182"]
[Result "0-1"]
[WhiteElo "2302"]
[BlackElo "2646"]
[TimeControl "180+1"]
[EndTime "10:04:25 PDT"]
[Termination "moro182 won by resignation"]

1. e4 e5 2. Bc4 Nc6 3. Nf3 Bc5 4. O-O Nf6 5. d3 d6 6. Bb3 a6 7.
c3 Ba7 8. Re1 h6 9. Be3 Bxe3 10.
Rxe3 O-O 11. Nbd2 Be6 12. Bc2 Ne7 13. d4 Ng6 14. Nf1 Qe7 15. Ng3 Rad8 16. Qd2 Rfe8 17. Rae1 c5 18. Nf5 Qd7 19. g3 exd4 20. cxd4 Bxf5 21.
exf5 Rxe3 22. Rxe3 cxd4 23. Qxd4 Ne7 24. Bb3 Nxf5 25.
Qf4 Nxe3 26. fxe3 d5 27. Nd4 Qd6 28. Qf5 Re8 29. Bc2 Rxe3 30. Qc8+ Re8 31. Qxb7 Qc5 0-1

[Event "*** Titled Tuesday Blitz"]
[Site "Chess.com"]
[Date "2020.05.26"]
[Round "1"]
[White "Tashik"]
[Black "Mykola-Bortnyk"]
[Result "0-1"]
[WhiteElo "2434"]
[BlackElo "2912"]
[TimeControl "180+1"]
[EndTime "10:04:29 PDT"]
[Termination "Mykola-Bortnyk won by resignation"]

1. c4 c5 2. Nf3 Nc6 3. d4 cxd4 4. Nxd4 g6 5. e4 Bg7 6. Be3 Nf6 7. Nc3 O-O 8. Be2 d6 9. O-O Bd7 10. h3 a6 11. Rc1 Rc8 12. b3 Nxd4 13. Bxd4 Bc6 14. Qc2 b5 15. Qb1 b4 16. Nd5 Nxd5 17. Bxg7 Nf4 18.
Bxf8 Nxe2+ 19. Kh2 Nxc1 20. Bh6 Ne2 21. Qd3 Nc3 22.
Re1 e5 23. g3 Qf6 24. Kg2 g5 0-1

[Event "*** Titled Tuesday Blitz"]
[Site "Chess.com"]
[Date "2020.05.26"]
[Round "1"]
[White "HarutyunianTigranK"]
[Black "Justinz"]
[Result "1-0"]
[WhiteElo "2709"]
[BlackElo "2349"]
[TimeControl "180+1"]
[EndTime "10:04:31 PDT"]
[Termination "HarutyunianTigranK won by resignation"]

1. c4 e5 2. Nc3 Nc6 3. Nf3 Nf6 4.
e4 Bc5 5. Nxe5 Nxe5 6. d4 Bxd4 7.
Qxd4 d6 8. Be2 O-O 9. O-O Re8 10. Bg5 h6 11. Bh4 Ned7 12. Rad1 Re6 13. f4 Qe8 14. Bf3 Nb6 15. b3 c5 16. Qd3 Bd7 17. f5 Re5 18.
Qxd6 Nh7 19. Bg3 Re7 20. Qxc5 Bc6 21. Nd5 Rd7 22. Nc7 1-0

[Event "*** Titled Tuesday Blitz"]
[Site "Chess.com"]
[Date "2020.05.26"]
[Round "1"]
[White "korbul"]
[Black "archess2"]
[Result "0-1"]
[WhiteElo "2570"]
[BlackElo "2256"]
[TimeControl "180+1"]
[EndTime "10:04:31 PDT"]
[Termination "archess2 won by resignation"]

1. d4 d5 2. c4 c6 3. Nf3 Nf6 4. e3 Bg4 5. Nc3 e6 6. h3 Bxf3 7. Qxf3 Nbd7 8. cxd5 exd5 9. Bd3 Bb4 10. O-O O-O 11.
Ne2 c5 12. Nf4 c4 13. Bc2 Nb6 14. Ne2 Re8 15. Ng3 Rc8 16. Nf5 Ne4 17. Qg4 Qf6 18.
f3 Nd6 19. Ng3 c3 20. Nh5 Qh6 21. e4 Qg6 22. e5 Qxg4 23. hxg4 cxb2 24. Bxb2 Rxc2 25.
Rab1 Ndc4 26. Bc1 Bd2 27. Rf2 Rxc1+ 28. Rxc1 Bxc1 29. Kh2 Be3 30. Re2 Bxd4 31. f4 Be3 32.
g3 d4 33. Kg2 d3 34. Re1 d2 35.
Rd1 Nb2 0-1

[Event "*** Titled Tuesday Blitz"]
[Site "Chess.com"]
[Date "2020.05.26"]
[Round "1"]
[White "JozefKneht"]
[Black "pedro_nascimento85"]
[Result "1-0"]
[WhiteElo "2467"]
[BlackElo "1862"]
[TimeControl "180+1"]
[EndTime "10:04:31 PDT"]
[Termination "JozefKneht won by resignation"]

1. e4 e6 2. d4 d5 3. Nc3 Bb4 4. e5 Ne7 5. a3 Bxc3+ 6. bxc3 c5 7. Qg4 O-O 8. Bd3 f5 9. Qh3 Nbc6 10.
Nf3 Qb6 11. Be3 cxd4 12. cxd4 Bd7 13. O-O h6 14. Rab1 Qd8 15. Kh1 b6 16. g4 fxg4 17.
Qxg4 Nf5 18. Rg1 Qe7 19. Rg2 Qf7 20. Rbg1 Kh8 21. Nh4 Nce7 22. Qh3 Qh5 23. Ng6+ 1-0

[Event "*** Titled Tuesday Blitz"]
[Site "Chess.com"]
[Date "2020.05.26"]
[Round "1"]
[White "Jungle_Jaguar"]
[Black "Chessdemon2019"]
[Result "0-1"]
[WhiteElo "2593"]
[BlackElo "2287"]
[TimeControl "180+1"]
[EndTime "10:04:35 PDT"]
[Termination "Chessdemon2019 won by resignation"]

1. e4 c5 2. Nf3 d6 3. d4 cxd4 4.
Qxd4 Nf6 5. c4 Nc6 6. Qe3 Bg4 7.
Be2 g6 8. O-O Bg7 9. Nc3 O-O 10.
Rd1 Bxf3 11. Bxf3 Qc7 12. b3 a6 13. Bb2 Rac8 14. Rd2 Qb8 15. Rad1 b5 16. cxb5 axb5 17.
Nd5 Nxd5 18. exd5 Ne5 19. Be2 Rc7 20. f4 Nd7 21. Bxg7 Kxg7 22. Qxe7 Qb6+ 23. Kh1 Nf6 24.
Qxc7 Qxc7 25. Bxb5 Ne4 26. Rb2 Qc5 27. Bc4 Nf2+ 28.
Kg1 Nxd1+ 0-1

[Event "*** Titled Tuesday Blitz"]
[Site "Chess.com"]
[Date "2020.05.26"]
[Round "1"]
[White "peixe64"]
[Black "LiverpooL174"]
[Result "0-1"]
[WhiteElo "2303"]
[BlackElo "2654"]
[TimeControl "180+1"]
[EndTime "10:04:40 PDT"]
[Termination "LiverpooL174 won by checkmate"]

1. d4 Nf6 2. c4 d6 3. Nc3 Nbd7 4. e4 e5 5. Nf3 c6 6. Be2 g6 7. O-O Bg7 8. d5 c5 9. Ne1 O-O 10. Nd3 h6 11. Rb1 Ne8 12. a3 f5 13. exf5 gxf5 14. f4 e4 15. Nf2 Bxc3 16. bxc3 Kh7 17. Be3 Rg8 18. Kh1 Nef6 19. Rg1 Qe7 20. Qd2 b6 21. h3 Nf8 22. Kh2 Ng6 23. g3 Bd7 24. Qc2 Rg7 25.
a4 Rag8 26. Nd1 Kh8 27. Bf2 Nxf4 28. gxf4 Rxg1 29. Bxg1 Qg7 30. Ne3 Qg3+ 31. Kh1 Qxh3+ 32. Bh2 Qxe3 33. a5 Ng4 34. Rg1 Nf2# 0-1